 Dungeon Crawl Stone Soup version 0.28.0-53-g5a82cb258f (webtiles) character file.

Game seed: 3534972689151254442

72 DemonSlayer the Firebug (level 4, -1/31 HPs)
             Began as a Demonspawn Fire Elementalist on July 21, 2022.
             Slain by a quokka (3 damage)
             ... on level 3 of the Dungeon.
             The game lasted 00:04:36 (3079 turns).

DemonSlayer the Firebug (DsFE)                      Turns: 3079, Time: 00:04:37

Health: -1/31      AC:  3    Str:  8    XL:     4   Next: 7%
Magic:  4/8        EV: 12    Int: 24    God:
Gold:   109        SH:  5    Dex: 17    Spells: 2/8 levels left

rFire   . . .      SeeInvis .   q - +2 mace of Kilakluj {vorpal, Drain rC++ Int+3 Dex+4}
rCold   + + .      Faith    .   (no shield)
rNeg    . . .      Spirit   .   a - +0 robe
rPois   .          Reflect  +   (no helmet)
rElec   .          Harm     .   (no cloak)
rCorr   .          Rampage  .   i - +0 pair of gloves
Will    .....                   (no boots)
Stlth   ++........              j - amulet of reflection
HPRegen 0.10/turn               (no ring)
MPRegen 0.22/turn               (no ring)

@: no status effects
A: powered by pain 1, magic regeneration, big brain 1
a: no special abilities


You were on level 3 of the Dungeon.
You visited 1 branch of the dungeon, and saw 3 of its levels.

You collected 109 gold pieces.

Inventory:

Hand Weapons
 q - the +2 mace of Kilakluj (weapon) {vorpal, Drain rC++ Int+3 Dex+4}
   (You found it on level 2 of the Dungeon)

   It inflicts extra damage upon your enemies.
   Int:       It affects your intelligence (+3).
   Dex:       It affects your dexterity (+4).
   rC:        It greatly protects you from cold.
   Drain:     It drains your maximum health when unequipped.
Armour
 a - a +0 robe (worn)
 i - a +0 pair of gloves (worn)
Jewellery
 j - an amulet of reflection (around neck)
Scrolls
 c - a scroll of vulnerability {unknown}
 f - a scroll of amnesia {unknown}
 g - 2 scrolls of enchant armour {unknown}
 k - 2 scrolls of fog {unknown}
 l - a scroll of teleportation {unknown}
 m - a scroll of noise {unknown}
 n - a scroll of identify {unknown}
 o - a scroll of torment {unknown}
Potions
 d - 3 potions of curing {unknown}
 e - 2 potions of might {unknown}
 h - a potion of invisibility {unknown}
 p - a potion of heal wounds {unknown}


   Skills:
 + Level 0.5 Fighting
 + Level 0.6 Maces & Flails
 + Level 2.0 Dodging
 + Level 2.4 Stealth
 + Level 2.7 Spellcasting
 + Level 1.1 Conjurations
 + Level 3.2 Fire Magic


You had 2 spell levels left.
You knew the following spells:

 Your Spells              Type           Power      Damage    Failure   Level
a - Foxfire               Conj/Fire      52%        2x1d6     4%          1
b - Scorch                Fire           38%        2d6       4%          2
c - Conjure Flame         Conj/Fire      13%        6-21      14%         3

Your spell library contained the following spells:

 Spells                   Type           Power      Damage    Failure   Level
 Inner Flame              Hex/Fire       11%        N/A       17%         3
 Tukima's Dance           Hex            3%         N/A       32%         3
 Flame Wave               Conj/Fire      13%        2d6       41%         4
 Passage of Golubria      Tloc           3%         N/A       73%         4
 Yara's Violent Unravell  Hex/Tmut       1%         3d3       97%         5


Dungeon Overview and Level Annotations

Branches:
Dungeon (3/15)

Altars:


Innate Abilities, Weirdness & Mutations

You sometimes gain a little power by taking damage.
You regenerate magic rapidly.
You have an unusually large brain. (Int +2)


Message History

You hit the howler monkey zombie.
The howler monkey zombie is moderately damaged.
The orc priest calls down the wrath of Beogh upon you.
Beogh smites you!
Ouch! That really hurt!
* * * LOW HITPOINT WARNING * * *
The quokka closely misses you.
The howler monkey zombie closely misses you.
You hit the quokka but do no damage. The quokka misses you.
The shadow imp shouts, "Scamper away, thou beslubbering mumble-news foot-licker!"
The howler monkey zombie hits you.
* * * LOW HITPOINT WARNING * * *
The quokka twitches its whiskers.
The quokka bites you.
* * * LOW HITPOINT WARNING * * *
You hit the howler monkey zombie.
The howler monkey zombie is heavily damaged.
The quokka misses you.
The howler monkey zombie completely misses you.
The howler monkey zombie misses you.
A ball python comes into view.
The quokka bites you.
* * * LOW HITPOINT WARNING * * *
You sock the howler monkey zombie!
The howler monkey zombie is almost destroyed.
The quokka barely misses you.
The howler monkey zombie closely misses you.
You hit the howler monkey zombie.
You destroy the howler monkey zombie!
The quokka closely misses you. The quokka barely misses you.
You have reached level 4!
You feel clever.
Your demonic ancestry asserts itself...
You feel energised by your suffering.
You hit the quokka but do no damage. The quokka closely misses you. x2
You barely miss the quokka. The quokka closely misses you.
You miss the quokka. The quokka bites you.
* * * LOW HITPOINT WARNING * * *
The quokka barely misses you.
You miss the quokka. The quokka bites you.
You die...

... #. . # .. ########.
##.#. ...... ...#....
.....###. #..# #.#....
......... #..####......
#..?..#.)# #......##....
.........###..###.##....
#....###)..#..###.##....
....5or@.)....##.....###
....S######....#.#.###
... ##.....#†# .
#.....#.. #.†....§.#
#...#.....# #...###.....
....# ##.#.. ##.#.# .#..


You could see an orc priest, a shadow imp, a quokka and a ball python.

Vanquished Creatures
  A howler monkey zombie (D:3)
  2 adders
  A worm (D:3)
  4 orcs (D:3)
  2 ball pythons
  4 bats (D:1)
  3 endoplasms
  A giant cockroach (D:2)
  A goblin (D:3)
  2 hobgoblins
  A kobold (D:2)
  4 quokkas
  4 frilled lizards
  4 rats
34 creatures vanquished.

Vanquished Creatures (others)
  70 foxfires
70 creatures vanquished.

Grand Total: 104 creatures vanquished

Notes
Turn   | Place    | Note
-------+----------+-------------------------------------------
     0 | D:1      | DemonSlayer the Demonspawn Fire Elementalist began the
                  | quest for the Orb.
     0 | D:1      | Reached XP level 1. HP: 13/13 MP: 3/3
   823 | D:1      | Reached skill level 3 in Fire Magic
   823 | D:1      | Gained mutation: You have an unusually large brain. (Int
                  | +2) [demonic ancestry]
   823 | D:1      | Reached XP level 2. HP: 19/19 MP: 1/5
  1505 | D:1      | Learned a level 2 spell: Scorch
  1651 | D:2      | Found a faded altar of an unknown god.
  1943 | D:2      | Gained mutation: You regenerate magic rapidly. [demonic
                  | ancestry]
  1943 | D:2      | Reached XP level 3. HP: 12/25 MP: 4/6
  2199 | D:2      | Learned a level 3 spell: Conjure Flame
  2642 | D:2      | Identified the +2 mace of Kilakluj {vorpal, Drain rC++
                  | Int+3 Dex+4}
  3076 | D:3      | Gained mutation: You sometimes gain a little power by
                  | taking damage. [demonic ancestry]
  3076 | D:3      | Reached XP level 4. HP: 6/31 MP: 3/8
  3079 | D:3      | Slain by a quokka

Illustrated notes

Levels and vault maps discovered:
D:1:      dpeg_arrival_central, layout_basic
D:2:      layout_basic, ebering_ecumenical_altar_webs,
          chequers_serial_rivers_room_a, minmay_close_crescents
D:3:      layout_rooms, hangedman_glass_garden

Skill      XL: |  1  2 |
---------------+-------+-----
Fire Magic     | 3 |  3.2
Stealth        | 2 |  2.4
Dodging        | 2 |  2.0
Fighting       | |  0.5
Maces & Flails | |  0.6
Spellcasting   | |  2.7
Conjurations   | |  1.1

Action                   |  1- 3 |  4- 6 || total
-------------------------+-------+-------++-------
Melee: Hand axe          |    37 |       ||    37
       Mace              |    23 |     4 ||    27
 Cast: Foxfire           |    44 |       ||    44
 Stab: Sleeping          |     2 |       ||     2
Armor: Robe              |     9 |       ||     9
Dodge: Dodged            |    58 |     4 ||    62
Block: Other             |     5 |       ||     5
